[Event "FIDE Open World Rapid 2024"]
[Site "New York"]
[Date "2024.12.27"]
[Round "6.33"]
[White "Rasulov, Vugar"]
[Black "Schnaider, Ilan"]
[Result "0-1"]
[ECO "C50"]
[WhiteElo "2504"]
[BlackElo "2392"]
[Annotator "ChessBase"]
[PlyCount "98"]
[EventDate "2024.12.14"]
[EventType "swiss"]
[EventCountry "USA"]
[SourceTitle "playchess.com"]
[Source "ChessBase"]
[SourceQuality "1"]
[TimeControl "900+10"]

1. e4 e5 2. Nf3 Nc6 3. Bc4 d6 4. c3 f5 5. d3 f4 6. g3 Qf6 7. gxf4 exf4 8. Rg1 Nh6 9. d4 Bd7 10. Qd2 Bg4 11. Be2 Bxf3 12. Bxf3 g5 13. h4 g4 14. Bxg4 Nxg4 15. Rxg4 Bh6 16. f3 O-O-O 17. Qg2 Rde8 18. Kd1 Qf7 19. Nd2 Rhg8 20. Kc2 d5 21. b3 Kb8 22. e5 Ne7 23. Nf1 Nf5 24. Qh3 c5 25. dxc5 d4 26. Bd2 Ne3+ 27. Kb2 Nxg4 28. fxg4 dxc3+ 29. Bxc3 Bg7 30. Qd3 Qg6 31. Qxg6 hxg6 32. Re1 Rh8 33. h5 gxh5 34. Nh2 f3 35. Nxf3 hxg4 36. Ng5 Rh5 37. Nf7 Re7 38. Rf1 g3 39. Nd6 Bxe5 40. Bxe5 Rhxe5 41. Rf8+ Kc7 42. Rg8 Rxc5 43. Nc4 Re2+ 44. Kc3 g2 45. a4 Rd5 46. Rg7+ Kd8 47. Nb2 Rdd2 48. Nd3 Rd1 49. Nf4 Re3+ 0-1

[Event "FIDE Open World Rapid 2024"]
[Site "New York"]
[Date "2024.12.27"]
[Round "6.34"]
[White "Nesterov, Arseniy"]
[Black "Martirosyan, Haik M."]
[Result "1-0"]
[ECO "D02"]
[WhiteElo "2599"]
[BlackElo "2656"]
[Annotator "ChessBase"]
[PlyCount "135"]
[EventDate "2024.12.14"]
[EventType "swiss"]
[EventCountry "USA"]
[SourceTitle "playchess.com"]
[Source "ChessBase"]
[SourceQuality "1"]
[TimeControl "900+10"]

1. Nf3 d5 2. g3 Nc6 3. d4 Bf5 4. Bg2 Nb4 5. Na3 e6 6. O-O Be7 7. c3 Nc6 8. Qa4 Qd7 9. Bf4 Nf6 10. Nb5 Rc8 11. c4 a6 12. Nc3 dxc4 13. Qxc4 O-O 14. Ne5 Qxd4 15. Qxd4 Nxd4 16. Rad1 Nc6 17. Bxc6 bxc6 18. Nxc6 Rfe8 19. f3 Bc5+ 20. Kg2 Nd5 21. Nxd5 exd5 22. Rfe1 Be6 23. b4 Bf8 24. a3 Bd7 25. Rc1 Ra8 26. Nd4 c6 27. Nxc6 Rac8 28. Nd4 Rc4 29. Rxc4 dxc4 30. Rc1 Rc8 31. Bd2 Be7 32. Bc3 Bg5 33. f4 Be7 34. e4 g6 35. Rd1 Kf8 36. Rd2 Ke8 37. Kf2 Bd8 38. Ne2 Bb6+ 39. Bd4 c3 40. Rc2 Ba4 41. Rc1 Bxd4+ 42. Nxd4 c2 43. Ke3 Ke7 44. Kd2 Rd8 45. Kc3 Rc8+ 46. Kb2 Rd8 47. Nb3 Bxb3 48. Kxb3 Rd3+ 49. Kb2 Re3 50. e5 g5 51. Rxc2 gxf4 52. gxf4 Kd7 53. Rd2+ Kc6 54. a4 Re4 55. Rd6+ Kb7 56. Kc3 Rxf4 57. Rf6 Re4 58. Rxf7+ Kc6 59. Rxh7 Rxe5 60. Rh6+ Kb7 61. h4 Re4 62. a5 Rg4 63. h5 Ka7 64. Rh7+ Kb8 65. Rd7 Rg3+ 66. Kc4 Rh3 67. Rd5 Kc7 68. b5 1-0

[Event "FIDE Open World Rapid 2024"]
[Site "New York"]
[Date "2024.12.27"]
[Round "6.34"]
[White "Saraci, Nderim"]
[Black "Kvaloy, Aksel Bu"]
[Result "1-0"]
[ECO "A13"]
[WhiteElo "2431"]
[BlackElo "2490"]
[Annotator "ChessBase"]
[PlyCount "113"]
[EventDate "2024.12.14"]
[EventType "swiss"]
[EventCountry "USA"]
[SourceTitle "playchess.com"]
[Source "ChessBase"]
[SourceQuality "1"]
[TimeControl "900+10"]

1. Nf3 d5 2. b3 Nf6 3. Bb2 e6 4. c4 b6 5. g3 Bb7 6. Bg2 Nbd7 7. O-O Bd6 8. Nc3 a6 9. d3 O-O 10. e3 Re8 11. Qe2 Qe7 12. Rac1 Ba3 13. Bxa3 Qxa3 14. d4 Qe7 15. Ne5 Rad8 16. Nxd7 Qxd7 17. b4 h6 18. Rc2 Qe7 19. a3 c6 20. c5 bxc5 21. bxc5 e5 22. Rb2 Bc8 23. Qd2 h5 24. Rb6 Qc7 25. Na2 exd4 26. exd4 Ne4 27. Qc1 a5 28. h4 Bf5 29. Nc3 Re7 30. Ne2 Rde8 31. Nf4 g6 32. Qb2 g5 33. Nxh5 Bg6 34. Bxe4 Bxh5 35. Bg2 gxh4 36. Qd2 hxg3 37. Qg5+ Bg6 38. Qxg3 Qxg3 39. fxg3 Re3 40. Rxc6 Rxg3 41. Kf2 Rg5 42. Rd6 Bh5 43. Kg1 Re2 44. Rf2 Re1+ 45. Kh2 Kg7 46. Rxd5 Rxd5 47. Bxd5 Rc1 48. c6 Bg6 49. Bg2 Kf8 50. Re2 Bd3 51. Re5 f6 52. Re3 Bc4 53. d5 Rc2 54. d6 Bf1 55. Kg1 Bxg2 56. d7 Rd2 57. c7 1-0

[Event "FIDE Open World Rapid 2024"]
[Site "New York"]
[Date "2024.12.27"]
[Round "6.35"]
[White "Donchenko, Alexander"]
[Black "Bai, Adelard"]
[Result "1-0"]
[ECO "A17"]
[WhiteElo "2618"]
[BlackElo "2393"]
[Annotator "ChessBase"]
[PlyCount "69"]
[EventDate "2024.12.14"]
[EventType "swiss"]
[EventCountry "USA"]
[SourceTitle "playchess.com"]
[Source "ChessBase"]
[SourceQuality "1"]
[TimeControl "900+10"]

1. Nf3 Nf6 2. c4 e6 3. Nc3 Bb4 4. Qc2 O-O 5. e4 d6 6. a3 Bxc3 7. bxc3 e5 8. Be2 c5 9. O-O Bg4 10. h3 Bh5 11. d3 Nc6 12. g4 Bg6 13. Nh4 Ne8 14. Ng2 Nc7 15. Rb1 Rb8 16. f4 f6 17. a4 a6 18. f5 Bf7 19. h4 b5 20. g5 b4 21. gxf6 gxf6 22. Bh6 bxc3 23. Rxb8 Qxb8 24. Qxc3 Nd4 25. Qe1 Kh8 26. Bxf8 Qxf8 27. Bd1 Qh6 28. Qe3 Qxe3+ 29. Nxe3 h5 30. Nd5 Nxd5 31. cxd5 Be8 32. Rf2 Kg7 33. Rb2 Kf8 34. Rb6 Ke7 35. Rxa6 1-0

[Event "FIDE Open World Rapid 2024"]
[Site "New York"]
[Date "2024.12.27"]
[Round "6.35"]
[White "Urazayev, Arystanbek"]
[Black "Manon, Reja Neer"]
[Result "1/2-1/2"]
[ECO "D03"]
[WhiteElo "2470"]
[BlackElo "2429"]
[Annotator "ChessBase"]
[PlyCount "100"]
[EventDate "2024.12.14"]
[EventType "swiss"]
[EventCountry "USA"]
[SourceTitle "playchess.com"]
[Source "ChessBase"]
[SourceQuality "1"]
[TimeControl "900+10"]

1. d4 Nf6 2. Nf3 e6 3. Bg5 d5 4. Nbd2 Be7 5. e3 Nbd7 6. Bd3 c5 7. c3 b6 8. Ne5 Nxe5 9. dxe5 Nd7 10. Bxe7 Qxe7 11. f4 O-O 12. Qh5 g6 13. Qh6 f6 14. Nf3 Qg7 15. Qxg7+ Kxg7 16. exf6+ Rxf6 17. Bb5 Nf8 18. O-O-O a6 19. Be2 Bb7 20. Ne5 Rd8 21. Bf3 Nd7 22. Ng4 Rff8 23. h4 Nf6 24. Ne5 Nd7 25. Nxd7 Rxd7 26. h5 Re8 27. Rh4 e5 28. hxg6 hxg6 29. Rdh1 Kf6 30. Rh6 exf4 31. exf4 d4 32. Bxb7 Rxb7 33. g4 Re4 34. Rf1 Kg7 35. g5 Rf7 36. f5 gxf5 37. cxd4 cxd4 38. Kd2 f4 39. Rxb6 f3 40. Kd3 Rg4 41. Rf6 Rxf6 42. gxf6+ Kxf6 43. Rxf3+ Ke5 44. Rh3 Kd5 45. Rh5+ Kc6 46. b4 Rg3+ 47. Kxd4 Ra3 48. Rh2 Kb5 49. Rh8 Rxa2 50. Rb8+ Kc6 1/2-1/2

[Event "FIDE Open World Rapid 2024"]
[Site "New York"]
[Date "2024.12.27"]
[Round "6.36"]
[White "Ghosh, Diptayan"]
[Black "Volokitin, Andrei"]
[Result "1-0"]
[ECO "D04"]
[WhiteElo "2569"]
[BlackElo "2649"]
[Annotator "ChessBase"]
[PlyCount "125"]
[EventDate "2024.12.14"]
[EventType "swiss"]
[EventCountry "USA"]
[SourceTitle "playchess.com"]
[Source "ChessBase"]
[SourceQuality "1"]
[TimeControl "900+10"]

1. d4 Nf6 2. Nf3 d5 3. e3 c5 4. Be2 Nc6 5. O-O Bg4 6. h3 Bxf3 7. Bxf3 cxd4 8. exd4 e6 9. c3 Bd6 10. Nd2 b5 11. Be2 Qb6 12. Nf3 O-O 13. Be3 Rab8 14. Bd3 b4 15. c4 dxc4 16. Bxc4 Qa5 17. Rc1 Ne7 18. Re1 Rbc8 19. Bg5 Ned5 20. Ne5 h6 21. Bxf6 Nxf6 22. Nxf7 Rxf7 23. Bxe6 Rcf8 24. Rc6 Bb8 25. Qb3 Qd8 26. Bxf7+ Rxf7 27. Qe6 Nd7 28. Re3 Nf8 29. Qc4 Qd7 30. Rf3 Qe8 31. g3 Qe7 32. Kg2 a5 33. Ra6 Qb7 34. Qxf7+ Qxf7 35. Rxf7 Kxf7 36. Rxa5 Ke6 37. Kf3 Nd7 38. a4 bxa3 39. bxa3 Bc7 40. Rb5 Nb6 41. Ke4 Nc4 42. Rc5 Nd6+ 43. Kd3 Bb6 44. Rc6 Bd8 45. a4 Kd7 46. Rc5 Bb6 47. Re5 Nf7 48. Rb5 Kc6 49. f4 Nd6 50. Re5 Bd8 51. a5 Nf7 52. Rc5+ Kb7 53. Ke4 Ka6 54. Kf5 Bf6 55. Rd5 Nd8 56. g4 Nb7 57. g5 hxg5 58. fxg5 Bd8 59. Kg6 Bxa5 60. Kxg7 Bc3 61. Kf7 Kb6 62. g6 Kc6 63. Ke6 1-0

[Event "FIDE Open World Rapid 2024"]
[Site "New York"]
[Date "2024.12.27"]
[Round "6.36"]
[White "Larrea, Manuel"]
[Black "Andersen, Mads"]
[Result "0-1"]
[ECO "B84"]
[WhiteElo "2259"]
[BlackElo "2592"]
[Annotator "ChessBase"]
[PlyCount "58"]
[EventDate "2024.12.14"]
[EventType "swiss"]
[EventCountry "USA"]
[SourceTitle "playchess.com"]
[Source "ChessBase"]
[SourceQuality "1"]
[TimeControl "900+10"]

1. e4 c5 2. Nf3 d6 3. d4 cxd4 4. Nxd4 Nf6 5. Nc3 a6 6. Be2 e6 7. O-O Be7 8. Be3 Qc7 9. f4 O-O 10. Qe1 b5 11. Bf3 Bb7 12. a3 Nbd7 13. Rd1 Nc5 14. Bf2 Rac8 15. e5 dxe5 16. fxe5 Nfd7 17. Bg3 Nb6 18. Bxb7 Qxb7 19. b4 Ncd7 20. Ne4 Nc4 21. Nf3 Nxa3 22. c3 Nc4 23. Rd4 Rcd8 24. Qe2 Ndb6 25. Nf6+ gxf6 26. Rg4+ Kh8 27. exf6 Bxf6 28. Ne5 Rd2 29. Bh4 Bxh4 0-1

[Event "FIDE Open World Rapid 2024"]
[Site "New York"]
[Date "2024.12.27"]
[Round "6.37"]
[White "Grebnev, Aleksey"]
[Black "Le, Quang Liem"]
[Result "1/2-1/2"]
[ECO "D35"]
[WhiteElo "2555"]
[BlackElo "2739"]
[Annotator "TA"]
[PlyCount "94"]
[EventDate "2024.12.14"]
[EventType "swiss"]
[EventCountry "USA"]
[SourceTitle "playchess.com"]
[Source "ChessBase"]
[SourceQuality "1"]
[TimeControl "900+10"]

1. d4 Nf6 2. c4 e6 3. Nc3 d5 4. cxd5 exd5 5. Bg5 c6 6. e3 h6 7. Bh4 Be7 8. Bd3 O-O 9. Nge2 Re8 10. O-O a5 11. Rc1 Nbd7 12. h3 Nh5 13. Bxe7 Qxe7 14. Qd2 Nb6 15. Rfe1 a4 16. Nf4 Qg5 17. Nxh5 Qxh5 18. e4 Be6 19. e5 Nc4 20. Bxc4 dxc4 21. Ne4 a3 22. Nd6 Red8 23. bxa3 ({But not} 23. Nxc4 axb2 24. Qxb2 b5 $17) (23. Nxb7 Rdb8 24. Nc5 (24. Qb4 $2 Ra7 $19) 24... axb2 $17 (24... Rxb2 $2 25. Rc2 $19)) 23... Rxa3 24. Nxc4 (24. Nxb7 Rd3 25. Qe2 Qxe2 26. Rxe2 R8xd4 $16) 24... Ra4 25. Nd6 Rxa2 26. Qf4 Rb2 27. Rc3 Qg5 {[%emt 0:00:20] Inhibits Rg3.} 28. Qxg5 hxg5 29. Ra1 Rb4 30. Ra7 Rxd4 31. Rxb7 Rd1+ 32. Kh2 Re1 33. Re3 Rxe3 34. fxe3 Rd7 35. Rxd7 Bxd7 $11 {[%emt 0:00:02][%mdl 4096] Endgame KB-KN} 36. Ne4 Kh7 37. Nc5 Bc8 38. Kg3 Kg6 {[%emt 0:00:38] and ...Kf5 would now be decisive} 39. e4 f5 40. Kf3 f4 41. g3 (41. e6 $5 Kf6 $8 42. e5+ Ke7 43. Kg4 $11) 41... Bxh3 42. gxf4 gxf4 43. Kxf4 Kf7 44. Kg5 Bc8 45. Kh5 Be6 46. Kg5 Bc8 47. Kh5 Be6 1/2-1/2

[Event "FIDE Open World Rapid 2024"]
[Site "New York"]
[Date "2024.12.27"]
[Round "6.37"]
[White "Soo, Kai Jie"]
[Black "Erenburg, Sergey"]
[Result "0-1"]
[ECO "E04"]
[WhiteElo "2153"]
[BlackElo "2510"]
[Annotator "ChessBase"]
[PlyCount "42"]
[EventDate "2024.12.14"]
[EventType "swiss"]
[EventCountry "USA"]
[SourceTitle "playchess.com"]
[Source "ChessBase"]
[SourceQuality "1"]
[TimeControl "900+10"]

1. d4 d5 2. c4 e6 3. Nf3 Nf6 4. g3 dxc4 5. Bg2 c6 6. Ne5 Bb4+ 7. Bd2 Be7 8. Bc3 b5 9. Nxc6 Nxc6 10. Bxc6+ Bd7 11. Bxa8 Qxa8 12. f3 h5 13. a3 h4 14. Kf2 hxg3+ 15. Kg1 Ng4 16. h3 g2 17. Rh2 Nxh2 18. Kxh2 Qd5 19. Qg1 e5 20. Nd2 exd4 21. Bxd4 Bd6+ 0-1

[Event "FIDE Open World Rapid 2024"]
[Site "New York"]
[Date "2024.12.27"]
[Round "6.38"]
[White "Oparin, Grigoriy"]
[Black "Zemlyanskii, Ivan"]
[Result "0-1"]
[ECO "D70"]
[WhiteElo "2653"]
[BlackElo "2543"]
[Annotator "ChessBase"]
[PlyCount "122"]
[EventDate "2024.12.14"]
[EventType "swiss"]
[EventCountry "USA"]
[SourceTitle "playchess.com"]
[Source "ChessBase"]
[SourceQuality "1"]
[TimeControl "900+10"]

1. d4 Nf6 2. c4 g6 3. f3 d5 4. cxd5 Nxd5 5. e4 Nb6 6. Nc3 Bg7 7. Be3 O-O 8. Qd2 e5 9. d5 c6 10. h4 cxd5 11. exd5 N8d7 12. h5 Nf6 13. hxg6 fxg6 14. O-O-O Bd7 15. Kb1 Rc8 16. d6 e4 17. fxe4 Ng4 18. Bg5 Qe8 19. Nf3 Rf7 20. Qe1 Rxc3 21. bxc3 Na4 22. Rd4 b5 23. Bd2 Qc8 24. e5 Nc5 25. Rxg4 Bxg4 26. Nd4 Qe8 27. Be2 Bxe2 28. Qxe2 Qxe5 29. Qxe5 Bxe5 30. Kc2 a6 31. Nf3 Bxd6 32. Rd1 Re7 33. Nd4 Re4 34. Bh6 Rg4 35. Rd2 Ne4 36. Re2 Kf7 37. Nf3 Kf6 38. Be3 Bc5 39. Bd4+ Bxd4 40. cxd4 Kf5 41. Kd3 h5 42. Rc2 Kf4 43. Rc8 Kg3 44. Ne5 Nf2+ 45. Kc3 Rg5 46. Rc6 a5 47. Rxg6 Rxg6 48. Nxg6 Ne4+ 49. Kd3 Nf6 50. Ke3 Kxg2 51. Nf4+ Kg3 52. d5 h4 53. d6 Kg4 54. Nd3 b4 55. Kd4 Kg3 56. Ke5 Nd7+ 57. Ke6 Nb6 58. Ne5 h3 59. Nc4 h2 60. Nxb6 h1=Q 61. Nc8 Qh3+ 0-1

[Event "FIDE Open World Rapid 2024"]
[Site "New York"]
[Date "2024.12.27"]
[Round "6.38"]
[White "Ahmed, Nidal"]
[Black "Gagunashvili, Merab"]
[Result "0-1"]
[ECO "B91"]
[WhiteElo "1796"]
[BlackElo "2541"]
[Annotator "ChessBase"]
[PlyCount "70"]
[EventDate "2024.12.14"]
[EventType "swiss"]
[EventCountry "USA"]
[SourceTitle "playchess.com"]
[Source "ChessBase"]
[SourceQuality "1"]
[TimeControl "900+10"]

1. e4 d6 2. Nc3 g6 3. g3 Bg7 4. Bg2 Nf6 5. Nge2 O-O 6. O-O c5 7. d4 cxd4 8. Nxd4 a6 9. h3 Bd7 10. Be3 Nc6 11. Nd5 Nxd5 12. exd5 Ne5 13. c3 Rc8 14. b3 Qa5 15. c4 b5 16. cxb5 Bxb5 17. Nxb5 axb5 18. Qe2 Rc7 19. Rac1 Rfc8 20. Rxc7 Rxc7 21. Rc1 Rxc1+ 22. Bxc1 Qc3 23. Be3 b4 24. Qd2 Nd3 25. Bf1 Ne1 26. Qxc3 bxc3 27. Bc1 Nc2 28. a4 Nb4 29. a5 Nxd5 30. a6 Bd4 31. Bg2 Nb4 32. Bf1 Kg7 33. Be2 Na2 34. Be3 Bxe3 35. fxe3 c2 0-1

[Event "FIDE Open World Rapid 2024"]
[Site "New York"]
[Date "2024.12.27"]
[Round "6.39"]
[White "Ivanchuk, Vasyl"]
[Black "Khanin, Semen"]
[Result "1/2-1/2"]
[ECO "C84"]
[WhiteElo "2630"]
[BlackElo "2568"]
[Annotator "ChessBase"]
[PlyCount "64"]
[EventDate "2024.12.14"]
[EventType "swiss"]
[EventCountry "USA"]
[SourceTitle "playchess.com"]
[Source "ChessBase"]
[SourceQuality "1"]
[TimeControl "900+10"]

1. e4 e5 2. Nf3 Nc6 3. Bb5 a6 4. Ba4 Nf6 5. O-O Be7 6. d3 b5 7. Bb3 d6 8. a3 a5 9. h3 a4 10. Ba2 O-O 11. Be3 d5 12. exd5 Nxd5 13. Bxd5 Qxd5 14. Nc3 Qe6 15. Nxb5 Rb8 16. c4 Qg6 17. Kh1 Bf5 18. Ne1 Nd4 19. Nxc7 Nb3 20. Nd5 Rfe8 21. Rb1 Bd6 22. Qe2 Nd4 23. Qd2 Rb3 24. Qa5 Bxh3 25. gxh3 Qf5 26. Kg2 Qg6+ 27. Kh2 e4+ 28. Bf4 Ne2 29. Bxd6 Qxd6+ 30. Kg2 Qg6+ 31. Kh2 Qd6+ 32. Kg2 Qg6+ 1/2-1/2

[Event "FIDE Open World Rapid 2024"]
[Site "New York"]
[Date "2024.12.27"]
[Round "6.39"]
[White "Wong, Hayoung"]
[Black "Blohberger, Felix"]
[Result "0-1"]
[ECO "E10"]
[WhiteElo "1704"]
[BlackElo "2534"]
[Annotator "ChessBase"]
[PlyCount "107"]
[EventDate "2024.12.14"]
[EventType "swiss"]
[EventCountry "USA"]
[SourceTitle "playchess.com"]
[Source "ChessBase"]
[SourceQuality "1"]
[TimeControl "900+10"]

1. d4 Nf6 2. Nf3 e6 3. c4 h6 4. Nc3 Bb4 5. Qc2 c5 6. e3 cxd4 7. exd4 O-O 8. Bd3 d5 9. c5 b6 10. a3 Bxc3+ 11. Qxc3 a5 12. b4 Ne4 13. Qb2 bxc5 14. dxc5 Ba6 15. Bxa6 Nxa6 16. O-O Rb8 17. Qe2 Qc8 18. Bf4 Ra8 19. Nd2 axb4 20. Nxe4 dxe4 21. Bd6 Rd8 22. axb4 Nxb4 23. Qxe4 Nd5 24. f4 Rxa1 25. Rxa1 Qc6 26. Qa4 Qxa4 27. Rxa4 f6 28. Kf2 Rd7 29. Kf3 Kf7 30. Ra8 h5 31. h3 Rb7 32. Ra3 Rb1 33. Ra7+ Kg6 34. Rd7 Rb3+ 35. Kf2 Rc3 36. g4 Rc2+ 37. Kf3 Rc3+ 38. Kg2 hxg4 39. hxg4 Ne3+ 40. Kh3 Nf5+ 41. Kh2 Nh6 42. g5 Ng4+ 43. Kg2 Ne3+ 44. Kf2 Nf5 45. Bf8 fxg5 46. fxg5 Kxg5 47. Bxg7 Rxc5 48. Bf8 Rc2+ 49. Kf3 Rc3+ 50. Ke2 Kf4 51. Kd2 Rb3 52. Rc7 e5 53. Bg7 e4 54. Ke2 0-1

[Event "FIDE Open World Rapid 2024"]
[Site "New York"]
[Date "2024.12.27"]
[Round "6.40"]
[White "Amar, Elham"]
[Black "Bortnyk, Olexandr"]
[Result "0-1"]
[ECO "C41"]
[WhiteElo "2534"]
[BlackElo "2603"]
[Annotator "ChessBase"]
[PlyCount "188"]
[EventDate "2024.12.14"]
[EventType "swiss"]
[EventCountry "USA"]
[SourceTitle "playchess.com"]
[Source "ChessBase"]
[SourceQuality "1"]
[TimeControl "900+10"]

1. e4 d6 2. d4 Nf6 3. Nc3 e5 4. Nf3 Nbd7 5. Rg1 c6 6. g4 h6 7. Be3 Be7 8. Qd2 exd4 9. Nxd4 Ne5 10. f4 Nexg4 11. O-O-O g6 12. h3 Nxe3 13. Qxe3 Nd7 14. Kb1 Qa5 15. Bc4 Nb6 16. Bb3 Qc5 17. Qg3 Rf8 18. e5 d5 19. e6 Bxe6 20. Nxe6 fxe6 21. Qxg6+ Kd7 22. Qxh6 Rae8 23. Rge1 Bd6 24. f5 exf5 25. Rxe8 Kxe8 26. h4 Be7 27. a4 Qd6 28. Qh5+ Kd8 29. a5 Nd7 30. Bxd5 cxd5 31. Nxd5 Qe5 32. Qf3 Bd6 33. Ne3 Bc7 34. a6 Qe4 35. Qxe4 fxe4 36. axb7 Rf3 37. Nd5 Bg3 38. Rd4 e3 39. Re4 Nc5 40. Rxe3 Rxe3 41. Nxe3 Nxb7 42. h5 Nd6 43. Ka2 Bf4 44. Ng4 Nf7 45. b4 Kd7 46. c4 Ke6 47. Kb3 Kf5 48. Nf2 Ne5 49. c5 Ke6 50. Ka4 Kd5 51. Kb5 Bd2 52. h6 Bxh6 53. Ka6 Be3 54. Nh1 Nd3 55. Kxa7 Nxb4 56. Ng3 Bxc5+ 57. Kb7 Ke5 58. Ne2 Na2 59. Kc6 Be3 60. Kb5 Kd5 61. Ng3 Bg5 62. Ne2 Bd2 63. Ng3 Nc3+ 64. Kb6 Bg5 65. Nh5 Ke5 66. Ng7 Nd5+ 67. Kc6 Nf6 68. Kc5 Bh6 69. Kc6 Bxg7 70. Kc5 Nd5 71. Kc4 Bf8 72. Kd3 Bc5 73. Kc4 Bd4 74. Kd3 Ne3 75. Ke2 Ke4 76. Kf2 Nf5+ 77. Kg2 Be3 78. Kh2 Kf3 79. Kh3 Ng3 80. Kh2 Bd4 81. Kh3 Bg1 82. Kh4 Ne4 83. Kh5 Kf4 84. Kg6 Ng5 85. Kf6 Bc5 86. Kg6 Bd4 87. Kh5 Kf5 88. Kh4 Bf2+ 89. Kh5 Bg3 90. Kh6 Ne6 91. Kh7 Bf4 92. Kh8 Kg6 93. Kg8 Bd6 94. Kh8 Ng5 0-1

[Event "FIDE Open World Rapid 2024"]
[Site "New York"]
[Date "2024.12.27"]
[Round "6.40"]
[White "Juksta, Karolis"]
[Black "Esquivel Golcher, Luis Enrique"]
[Result "1-0"]
[ECO "D20"]
[WhiteElo "2403"]
[BlackElo "2081"]
[Annotator "ChessBase"]
[PlyCount "89"]
[EventDate "2024.12.14"]
[EventType "swiss"]
[EventCountry "USA"]
[SourceTitle "playchess.com"]
[Source "ChessBase"]
[SourceQuality "1"]
[TimeControl "900+10"]

1. d4 e6 2. e4 d5 3. exd5 exd5 4. Nf3 Bd6 5. c4 dxc4 6. Bxc4 Nf6 7. O-O O-O 8. Nc3 Nbd7 9. Bb3 Nb6 10. Bg5 Bg4 11. h3 Bh5 12. Re1 h6 13. Bh4 g5 14. Bg3 Bxg3 15. fxg3 c6 16. g4 Bg6 17. Qd2 Nbd5 18. Ne5 Kg7 19. Rad1 Re8 20. Nxd5 cxd5 21. Qb4 Be4 22. Qxb7 Re7 23. Qa6 Re6 24. Qf1 Qe7 25. Qf2 Rb8 26. Rc1 Rxb3 27. axb3 Qb4 28. Qe3 Qb6 29. Kh2 Qd6 30. Rc6 Qe7 31. Rec1 Rxe5 32. dxe5 Qxe5+ 33. Qg3 Qxb2 34. Rf1 Nd7 35. Qc3+ Qxc3 36. Rxc3 Ne5 37. Rc7 Kg6 38. Rxa7 f6 39. Ra6 Kg7 40. Raxf6 Bd3 41. R1f2 Bg6 42. Rd6 Nd3 43. Rd7+ Kg8 44. Rc2 Bf7 45. Rcc7 1-0

[Event "FIDE Open World Rapid 2024"]
[Site "New York"]
[Date "2024.12.27"]
[Round "6.41"]
[White "Muradli, Mahammad"]
[Black "Cheparinov, Ivan"]
[Result "1-0"]
[ECO "A13"]
[WhiteElo "2588"]
[BlackElo "2646"]
[Annotator "ChessBase"]
[PlyCount "105"]
[EventDate "2024.12.14"]
[EventType "swiss"]
[EventCountry "USA"]
[SourceTitle "playchess.com"]
[Source "ChessBase"]
[SourceQuality "1"]
[TimeControl "900+10"]

1. Nf3 d5 2. c4 e6 3. g3 dxc4 4. Bg2 Nd7 5. Qa4 a6 6. Qxc4 b5 7. Qc2 Bb7 8. Nc3 Ngf6 9. a4 b4 10. Nd1 c5 11. Ne3 Be7 12. O-O O-O 13. Nc4 a5 14. d3 Nb6 15. Nfd2 Bxg2 16. Kxg2 Nfd5 17. e4 Nxc4 18. dxc4 b3 19. Nxb3 Nb4 20. Qe2 Qb6 21. Be3 Nc6 22. Nc1 Rab8 23. Nd3 Rfd8 24. Rfd1 Nd4 25. Bxd4 Rxd4 26. Ne5 Qc7 27. Nf3 Rxd1 28. Rxd1 h6 29. Rd3 Qb7 30. b3 Bf6 31. e5 Be7 32. Kg1 Qc6 33. Nd2 f5 34. Nb1 Bg5 35. h4 Be7 36. Na3 f4 37. Qf3 Qxf3 38. Rxf3 fxg3 39. fxg3 Rd8 40. Nb5 Rd1+ 41. Kf2 g5 42. hxg5 Bxg5 43. Nd6 Rd2+ 44. Kf1 Rd1+ 45. Kg2 Re1 46. Nb7 Rxe5 47. Nxa5 Re1 48. Nc6 e5 49. Rf1 Re2+ 50. Rf2 Re1 51. Ra2 e4 52. a5 e3 53. a6 1-0

[Event "FIDE Open World Rapid 2024"]
[Site "New York"]
[Date "2024.12.27"]
[Round "6.41"]
[White "Grahn, Vidar"]
[Black "Horvath, Dominik"]
[Result "0-1"]
[ECO "D85"]
[WhiteElo "2263"]
[BlackElo "2542"]
[Annotator "ChessBase"]
[PlyCount "110"]
[EventDate "2024.12.14"]
[EventType "swiss"]
[EventCountry "USA"]
[SourceTitle "playchess.com"]
[Source "ChessBase"]
[SourceQuality "1"]
[TimeControl "900+10"]

1. d4 Nf6 2. c4 g6 3. Nc3 d5 4. cxd5 Nxd5 5. e4 Nxc3 6. bxc3 Bg7 7. Nf3 c5 8. Rb1 O-O 9. Be2 cxd4 10. cxd4 Qa5+ 11. Bd2 Qxa2 12. O-O b6 13. Be3 Qe6 14. Nd2 Ba6 15. Bxa6 Nxa6 16. Qa4 Nc7 17. Rfc1 Ne8 18. d5 Qe5 19. f4 Qb8 20. e5 Qb7 21. Rc6 Rd8 22. Qc4 Qd7 23. Ra1 Kh8 24. Ne4 h6 25. Nc3 f6 26. e6 Qb7 27. f5 Nd6 28. Rxd6 exd6 29. Nb5 a6 30. Nd4 Rc8 31. Nc6 b5 32. Qh4 g5 33. Qg3 Rxc6 34. dxc6 Qxc6 35. Rd1 Rd8 36. e7 Re8 37. Rxd6 Qc7 38. Rxa6 Qxe7 39. Bf2 Qe4 40. h3 Qxf5 41. Qb3 Re2 42. Qg3 Qb1+ 43. Kh2 Qe4 44. Ra7 f5 45. Qb8+ Qe8 46. Qxe8+ Rxe8 47. Rb7 Re2 48. Bc5 Be5+ 49. Kg1 Bg3 50. Re7 Rc2 51. Bd4+ Kg8 52. Rg7+ Kf8 53. Kf1 Rd2 54. Rd7 Ke8 55. Rd5 b4 0-1

[Event "FIDE Open World Rapid 2024"]
[Site "New York"]
[Date "2024.12.27"]
[Round "6.42"]
[White "Zarnicki, Pablo"]
[Black "Meier, Georg"]
[Result "1/2-1/2"]
[ECO "C07"]
[WhiteElo "2514"]
[BlackElo "2599"]
[Annotator "ChessBase"]
[PlyCount "69"]
[EventDate "2024.12.14"]
[EventType "swiss"]
[EventCountry "USA"]
[SourceTitle "playchess.com"]
[Source "ChessBase"]
[SourceQuality "1"]
[TimeControl "900+10"]

1. e4 e6 2. d4 d5 3. Nd2 c5 4. exd5 Qxd5 5. Ngf3 cxd4 6. Bc4 Qd7 7. O-O Nc6 8. Nb3 Nf6 9. Nbxd4 Nxd4 10. Qxd4 Qxd4 11. Nxd4 Bd7 12. Be2 Bc5 13. Nb3 Bd6 14. Rd1 Ke7 15. Bf3 Rac8 16. c3 Bc6 17. Bxc6 Rxc6 18. Be3 b6 19. Nd4 Rcc8 20. f3 Rhd8 21. a4 a6 22. Bf2 Ke8 23. g3 Bc5 24. Nc2 Nd5 25. Rd3 Bxf2+ 26. Kxf2 Rc4 27. Ne3 Nxe3 28. Kxe3 h5 29. Rxd8+ Kxd8 30. Rd1+ Kc7 31. Rd4 Rc5 32. Kd3 Rg5 33. Rc4+ Kd6 34. Rd4+ Kc6 35. Rc4+ 1/2-1/2

[Event "FIDE Open World Rapid 2024"]
[Site "New York"]
[Date "2024.12.27"]
[Round "6.42"]
[White "Makoto, Rodwell"]
[Black "Meylan, Andre"]
[Result "0-1"]
[ECO "E05"]
[WhiteElo "2334"]
[BlackElo "2138"]
[Annotator "ChessBase"]
[PlyCount "92"]
[EventDate "2024.12.14"]
[EventType "swiss"]
[EventCountry "USA"]
[SourceTitle "playchess.com"]
[Source "ChessBase"]
[SourceQuality "1"]
[TimeControl "900+10"]

1. Nf3 Nf6 2. c4 e6 3. g3 d5 4. d4 Be7 5. Bg2 O-O 6. O-O dxc4 7. Qc2 a6 8. a4 Bd7 9. Qxc4 Bc6 10. Bg5 Nbd7 11. Nc3 h6 12. Bxf6 Nxf6 13. Rfd1 a5 14. e3 Bxf3 15. Bxf3 c6 16. Ne2 Qb6 17. Qc2 Rfd8 18. Nf4 Rac8 19. Rac1 Bf8 20. h4 Nd5 21. Bxd5 exd5 22. Kg2 Rc7 23. Qe2 Qb4 24. Qc2 Qd6 25. Nd3 Qg6 26. Qd2 Ra8 27. Nf4 Qd6 28. Rc5 b6 29. Rc2 Rac8 30. Rdc1 Qd7 31. Qe2 Bd6 32. Nd3 c5 33. dxc5 bxc5 34. Qh5 Qe6 35. Rd2 Rb8 36. Rcd1 Rcb7 37. Qf3 c4 38. Nc1 Rxb2 39. Rxd5 Bf8 40. Ne2 Ra2 41. Nd4 Qe8 42. Rxa5 Rxa4 43. Rxa4 Qxa4 44. Nc6 Rc8 45. Ne5 Qe8 46. Qd5 Rc5 0-1